AoeStats
← |GaoeG| flamingo

Arabia

509858308Analyzed
2v2 RM · 3d ago on Sep 28, 2026· 34m 8s· 4 players
Game mode
Random Map
Map size
Medium (4 player)
Population
200
Speed
Normal
Resources
Standard
Victory
Conquest
Starting age
Dark Age
Ending age
Imperial Age
RankedLock teamsTeams togetherTeam positionsShared explorationLock speedFull tech treeHidden civsTurbo modeCheats
Victory
Defeat
🇹🇼 Wei · Taiwan
1350
+16
🇨🇳 Mongols · China
1313
+17
🇪🇸 Vikings · Spain
1424
-20
🇪🇸 Vietnamese · Spain
1262
-13
stevenmin830605
7:20 Loom
10:28 Feudal Age
10:54 Double-Bit Axe
10:50 Horse Collar
14:56 Wheelbarrow
15:56 Scale Barding Armor
16:33 Forging
17:05 Bloodlines
19:24 Fletching
24:24 Castle Age
22:46 Padded Archer Armor
23:19 Gold Mining
23:19 Stone Mining
25:16 Bow Saw
25:09 Husbandry
24:29 Light Cavalry
26:16 Chain Barding Armor
27:10 Iron Casting
28:16 Bodkin Arrow
28:37 Leather Archer Armor
30:25 Gold Shaft Mining
31:02 Hand Cart
31:18 Town Watch
32:35 Thumb Ring
33:41 Stone Shaft Mining
红蜻蜓101
10:00 Loom
12:02 Feudal Age
16:03 Castle Age
16:00 Scale Barding Armor
15:41 Double-Bit Axe
16:31 Forging
24:04 Horse Collar
27:29 Bow Saw
28:31 Bloodlines
29:23 Chain Barding Armor
29:55 Heavy Plow
31:54 Gold Mining
34:21 Iron Casting
JITANOmaleant7
6:32 Loom
10:37 Feudal Age
11:10 Double-Bit Axe
13:12 Horse Collar
16:15 Fletching
25:10 Castle Age
23:40 Padded Archer Armor
24:00 Gold Mining
25:09 Scale Mail Armor
25:13 Crossbowman
25:57 Bodkin Arrow
25:52 Pikeman
26:50 Forging
27:46 Ballistics
33:17 Leather Archer Armor
|GaoeG| flamingo
8:01 Loom
10:44 Feudal Age
11:51 Double-Bit Axe
11:49 Horse Collar
16:46 Forging
21:19 Wheelbarrow
24:59 Castle Age
Connection lost

Rejoining the realm…

Still unreachable

The connection could not be restored.

Session expired

The server has moved on; the page needs a fresh start.